 Dungeon Crawl Stone Soup version 0.30.1-1-g62c8e00024 (webtiles) character file.

Game seed: 11039278970945144646

1039 GeoRichter the Grasshopper (level 8, -4/37 HPs)
             Began as a Spriggan Warper on July 15, 2023.
             Was a Follower of Okawaru.
             Slain by a black bear (10 damage)
             ... on level 6 of the Dungeon.
             The game lasted 00:13:53 (6391 turns).

GeoRichter the Grasshopper (Spriggan Warper)        Turns: 6391, Time: 00:13:54

Health: -4/37      AC:  2    Str:  7    XL:     8   Next: 4%
Magic:  10/15      EV: 21    Int: 15    God:    Okawaru [*.....]
Gold:   311        SH: 12    Dex: 16    Spells: 6/15 levels left

rFire   . . .        y - +1 long sword
rCold   . . .        x - +1 buckler
rNeg    . . .        b - +0 robe
rPois   .            (helmet restricted)
rElec   .            (no cloak)
rCorr   .            (gloves unavailable)
SInv    +            (boots unavailable)
Will    +....        e - amulet of reflection
Stlth   +++          (no ring)
HPRegen 0.26/turn    (no ring)
MPRegen 0.14/turn

%: reflection
@: heroic, very quick
A: very small, no large weapons, unfitting armour, see invisible, speed 3
a: Renounce Religion, Heroism


You were on level 6 of the Dungeon.
You worshipped Okawaru.
Okawaru was aware of your devotion.
You visited 2 branches of the dungeon, and saw 7 of its levels.

You collected 311 gold pieces.

Inventory:

Hand Weapons
 y - a +1 long sword (weapon)
   (You found it on level 4 of the Dungeon)
Missiles
 d - 7 boomerangs of dispersal {!f}
 s - a throwing net {!f}
 D - 6 poisoned darts (quivered)
Armour
 b - a +0 robe (worn)
 x - a +1 buckler (worn)
   (You found it on level 3 of the Dungeon)
Jewellery
 e - an amulet of reflection (around neck)
   (You found it on level 1 of the Dungeon)
 i - an amulet of regeneration
   (You found it on level 1 of the Dungeon)
 o - a ring of protection from cold
   (You found it on level 3 of the Dungeon)
 r - a ring of magical power
   (You found it on level 2 of the Dungeon)
 F - a ring of willpower
   (You took it off an orc on level 5 of the Dungeon)
Wands
 t - a wand of flame (8)
   (You took it off a gnoll on level 2 of the Dungeon)
Scrolls
 a - a scroll of brand weapon {unknown}
 c - a scroll of blinking
 f - 2 scrolls of teleportation {@r4}
 h - 2 scrolls of enchant weapon
 n - a scroll of poison {unknown}
 q - a scroll of torment {unknown}
 u - a scroll of fog {unknown}
 w - a scroll of amnesia {unknown}
 z - 2 scrolls of identify {@r1}
 B - a scroll of enchant armour
 C - a scroll of silence {unknown}
 H - a scroll of vulnerability {unknown}
Potions
 g - a potion of flight {unknown}
 j - 2 potions of might {unknown}
 k - a potion of resistance
 l - a potion of heal wounds {unknown}
 m - a potion of degeneration {unknown}
 p - 2 potions of brilliance {unknown}
 v - a potion of ambrosia {unknown}
 A - a potion of lignification {unknown}
 E - a potion of curing {unknown}
 G - 2 potions of haste {unknown}


   Skills:
 - Level 1.5(6.5) Fighting
 * Level 5.8(10.8) Long Blades
 - Level 1.0(6.0) Throwing
 - Level 3.2(8.2) Dodging
 - Level 2.0(7.0) Shields
 - Level 4.4 Spellcasting
 - Level 7.4 Translocations
 + Level 1.9 Invocations


You had 6 spell levels left.
You knew the following spells:

 Your Spells              Type           Power      Damage    Failure   Level
a - Blink                 Tloc           50%        N/A       1%          2
b - Teleport Other        Tloc           25%        N/A       3%          3
c - Manifold Assault      Tloc           25%        N/A       12%         4

Your spell library contained the following spells:

 Spells                   Type           Power      Damage    Failure   Level
 Lesser Beckoning         Tloc           50%        N/A       1%          2
 Vhi's Electric Charge    Tloc/Air       28%        N/A       16%         3
 Blade Hands              Tmut           1%         N/A       100%        5
 Irradiate                Conj/Tmut      1%         3d12      100%        5
 Dragon Form              Tmut           1%         N/A       100%        7


Dungeon Overview and Level Annotations

Branches:
Dungeon (6/15) Zot: 26665  Temple (1/1) D:4 Zot: 5983

Altars:
Cheibriados
Dithmenos
Elyvilon
Fedhas
Gozag
Hepliaklqana
Kikubaaqudgha
Makhleb
Nemelex Xobeh
Okawaru
Qazlal
Sif Muna
Trog
Uskayaw
Vehumet
Wu Jian
Zin
The Shining One

Shops:
D:2 [


Innate Abilities, Weirdness & Mutations

You are very small and have problems with some larger weapons.
You are too small for most types of armour.
You have supernaturally acute eyesight. (SInv)
You cover ground extremely quickly. (Speed+++)


Message History

The adder is almost dead.
The adder misses you. The black bear bites you.
You block the black bear's attack. The black bear completely misses you.
You block the adder's attack.
You closely miss the adder.
The adder is almost dead.
The adder closely misses you. The black bear bites you!
The black bear claws you. x2
You closely miss the adder.
The adder is almost dead.
You block the adder's attack. The black bear misses you.
The black bear completely misses you. The black bear barely misses you.
You block the adder's attack.
You closely miss the adder.
The adder is almost dead.
The black bear bites you. You block the black bear's attack.
The black bear barely misses you. The adder barely misses you.
You block the black bear's attack. The black bear misses you.
The black bear closely misses you. The adder closely misses you.
You hit the adder.
You kill the adder!
Okawaru accepts your kill. You block the black bear's attack.
The black bear misses you. You block the black bear's attack.
You closely miss the black bear. The black bear barely misses you.
You block the black bear's attack. The black bear claws you.
* * * LOW HITPOINT WARNING * * *
You gain the combat prowess of a mighty hero.
The black bear bites you!
* * * LOW HITPOINT WARNING * * *
The black bear barely misses you. You block the black bear's attack.
You hit the black bear.
The black bear is lightly wounded.
The black bear bites you.
* * * LOW HITPOINT WARNING * * *
The black bear misses you. The black bear barely misses you.
You slash the black bear!
The black bear is heavily wounded.
The black bear barely misses you. x2; You block the black bear's attack.
You hit the black bear.
The black bear is severely wounded.
You block the black bear's attack. The black bear closely misses you.
You block the black bear's attack.
You hit the black bear.
The black bear is almost dead.
The black bear goes berserk!
You barely miss the black bear.
The black bear is almost dead.
The black bear bites you!
You die...

#.# ###. #.... #.#
#. #. .. #.# #.
.... #.#####. .#.
#....... ..
(.............
#.####.######.####.
#.##.h.......
........ #....@#
###.####.
#...........# #.#
#. ###.#######.#
#.# #. # #.# #. #.#
#. #.####) #.#..).
#. #.#....
#.###.#....


You could see a black bear (berserk).

Vanquished Creatures
  A sky beast (D:6)
  An ogre (D:5)
  An ice beast (D:5)
  A phantom (D:5)
  A scorpion (D:6)
  2 hounds (D:5)
  A jelly (D:5)
  2 gnoll boudas
  2 orc priests
  2 sleepcaps
  Jessica (D:2)
  An iguana (D:5)
  16 gnolls
  6 adders
  A shadow imp (D:5)
  An ufetubus (D:5)
  2 worms (D:2)
  11 orcs
  2 bats
  7 endoplasms
  4 giant cockroaches
  5 goblins
  A hobgoblin (D:1)
  10 jackals
  4 quokkas
  3 ball pythons
  3 frilled lizards
  14 kobolds
  8 rats
114 creatures vanquished.

Notes
Turn   | Place    | Note
-------+----------+-------------------------------------------
     0 | D:1      | GeoRichter the Spriggan Warper began the quest for the Orb.
     0 | D:1      | Reached XP level 1. HP: 10/10 MP: 5/5
   171 | D:1      | Reached XP level 2. HP: 13/14 MP: 6/6
   264 | D:1      | Learned a level 2 spell: Blink
   734 | D:1      | Reached skill level 5 in Translocations
   855 | D:1      | Reached XP level 3. HP: 18/18 MP: 8/8
  1040 | D:2      | Learned a level 3 spell: Teleport Other
  1475 | D:2      | Reached XP level 4. HP: 22/22 MP: 10/10
  1480 | D:2      | Learned a level 4 spell: Manifold Assault
  1492 | D:2      | Reached skill level 6 in Translocations
  1552 | D:2      | You fall into a shaft and drop 2 floors!
  1959 | D:2      | Found Zuff's Armour Shoppe.
  1979 | D:2      | Reached XP level 5. HP: 25/25 MP: 12/12
  2167 | D:2      | Reached skill level 7 in Translocations
  2301 | D:2      | Found a faded altar of an unknown god.
  2307 | D:2      | Noticed Jessica
  2314 | D:2      | Killed Jessica
  3836 | D:4      | Found a staircase to the Ecumenical Temple.
  3947 | D:4      | Reached XP level 6. HP: 30/30 MP: 13/13
  3994 | D:4      | HP: 1/30 [gnoll bouda/+0 spear (8)]
  4211 | Temple   | Entered the Ecumenical Temple
  4229 | Temple   | Became a worshipper of Warmaster Okawaru
  4257 | D:5      | Entered Level 5 of the Dungeon
  4593 | D:5      | Reached skill level 1 in Shields
  4606 | D:5      | Noticed an ice beast
  4759 | D:5      | Killed an ice beast
  4760 | D:5      | Reached XP level 7. HP: 12/33 MP: 14/14
  4884 | D:5      | Reached * piety under Okawaru
  5079 | D:5      | Reached skill level 5 in Long Blades
  5444 | D:5      | Found a radiant altar of Vehumet.
  6036 | D:6      | Reached skill level 1 in Invocations
  6107 | D:6      | Reached XP level 8. HP: 20/37 MP: 10/15
  6391 | D:6      | Slain by a black bear

Illustrated notes

Levels and vault maps discovered:
D:1:      dpeg_arrival_solitude, layout_basic
D:2:      layout_loops_ring, shapermc_ecumenical_altar_mp_vishouse,
          serial_shops, shop, uniq_jessica
D:3:      layout_loops_ring
D:4:      layout_loops_ring, temple_doors_cd, serial_bayou_ford_a
D:5:      layout_loops_ring, mainiacjoe_overflow_brackets,
          kennysheep_generic_room_11
D:6:      layout_basic, gup_sewer_entry_pipe, gammafunk_ghost_cemetery,
          minmay_divided_ellipse
Temple:   sentei_temple_godly_chess

Skill      XL: |  1  2  3  4  5  6  7 |
---------------+----------------------+-----
Long Blades    | 2 3 4 5 |  5.8
Spellcasting   | 3 4 |  4.4
Translocations | 5 6 7 |  7.4
Shields        | 1 2 |  2.0
Invocations    | 1 |  1.9
Fighting       | |  1.5
Throwing       | |  1.0
Dodging        | |  3.2

Action                     |  1- 3 |  4- 6 |  7- 9 || total
---------------------------+-------+-------+-------++-------
  Melee: Falchion          |   124 |   158 |       ||   282
         Punch             |       |     3 |       ||     3
         Long sword        |       |    34 |   135 ||   169
  Throw: Dart              |    11 |    79 |    16 ||   106
         Boomerang         |       |     1 |       ||     1
   Cast: Manifold Assault  |       |     9 |    17 ||    26
 Invoke: Heroism           |       |       |     1 ||     1
  Evoke: Wand              |       |    22 |       ||    22
    Use: Scroll            |       |       |     4 ||     4
   Stab: Sleeping          |     3 |     2 |       ||     5
 Armour: Robe              |     7 |     5 |     5 ||    17
  Dodge: Dodged            |    84 |   136 |    83 ||   303
  Block: Other             |    19 |    29 |       ||    48
         Reflection        |       |     2 |       ||     2
         Buckler           |       |    16 |    66 ||    82
